AoeStats
← Doctor Alvarez

Nomad

503533121Analyzed
3v3 RM · 1mo ago on Sep 1, 2026· 34m 38s· 6 players
Game mode
Random Map
Map size
210×210
Population
200
Speed
Normal
Resources
Standard
Victory
Conquest
Starting age
Dark Age
Ending age
Imperial Age
RankedLock teamsTeams togetherTeam positionsShared explorationLock speedFull tech treeHidden civsTurbo modeCheats
Victory
Defeat
🇨🇳 Huns · China
943
+12
🇨🇦 Vikings · Canada
826
+18
🇲🇽 Spanish · Mexico
813
+18
🇦🇷 Armenians · Argentina
914
-18
🇦🇷 Koreans · Argentina
909
-18
🇦🇷 Franks · Argentina
774
-12
FranksLup
11:25 Loom
13:10 Feudal Age
13:57 Man-at-Arms
15:08 Arson
20:39 Forging
20:29 Scale Mail Armor
23:12 Fletching
23:22 Padded Archer Armor
23:42 Double-Bit Axe
31:56 Castle Age
31:22 Long Swordsman
Doctor Alvarez
14:16 Feudal Age
12:35 Loom
15:09 Double-Bit Axe
24:40 Castle Age
22:30 Man-at-Arms
23:22 Fletching
24:22 Scale Barding Armor
34:59 Bodkin Arrow
Kiopd1878
4:03 Loom
13:54 Feudal Age
17:03 Double-Bit Axe
19:21 Wheelbarrow
23:53 Horse Collar
26:25 Fletching
33:14 Castle Age
33:24 Crossbowman
34:12 Thumb Ring
34:18 Husbandry
33:59 Light Cavalry
mimotaker
3:43 Loom
19:09 Feudal Age
25:24 Wheelbarrow
27:56 Castle Age
27:50 Town Watch
27:53 Double-Bit Axe
29:05 Bow Saw
30:44 Fletching
32:21 Bodkin Arrow
Kirito Wizard
9:51 Loom
15:17 Feudal Age
17:07 Man-at-Arms
17:33 Arson
19:25 Scale Mail Armor
19:36 Forging
27:43 Castle Age
28:14 Gambesons
28:30 Squires
27:51 Long Swordsman
27:53 Pikeman
31:56 Chain Mail Armor
32:17 Iron Casting
笑出自信
16:29 Feudal Age
16:52 Fishing Lines
20:35 Castle Age
20:25 Double-Bit Axe
22:02 Wheelbarrow
21:26 Gold Mining
22:28 Bow Saw
23:04 Gold Shaft Mining
23:39 Gillnets
25:15 Hand Cart
26:27 Ballistics
26:15 Scale Barding Armor
26:11 Padded Archer Armor
27:09 Thumb Ring
27:46 Fletching
28:40 Bodkin Arrow
30:43 Leather Archer Armor
Connection lost

Rejoining the realm…

Still unreachable

The connection could not be restored.

Session expired

The server has moved on; the page needs a fresh start.